 Dungeon Crawl Stone Soup version 0.30.0-5-g1a98f26d00 (webtiles) character file.

Game seed: 2447830730436411302

31781 qeuew the Cleaver (level 13, -9/122 HPs)
             Began as a Minotaur Berserker on May 9, 2023.
             Was a High Priest of Trog.
             Mangled by a death yak (15 damage)
             ... while petrified by a catoblepas
             ... on level 5 of the Lair of Beasts.
             The game lasted 00:17:16 (14589 turns).

qeuew the Cleaver (Minotaur Berserker)             Turns: 14589, Time: 00:17:17

Health: -9/122     AC: 15    Str: 31    XL:     13   Next: 27%
Magic:  13/13      EV:  2    Int: 11    God:    Trog [*****.]
Gold:   884        SH:  0    Dex: 15    Spells: 12/12 levels left

rFire   . . .        J - +8 war axe of Boklopt {chaos, rElec rC+ Will- Int+3}
rCold   + . .        (no shield)
rNeg    + + +        o - +0 ring mail {rPois}
rPois   ∞            (helmet restricted)
rElec   +            G - +1 cloak of Duck's Teeth {Int+4 Dex+3}
rCorr   .            (no gloves)
SInv    .            I - +1 pair of boots {Fly}
Will    .....        (no amulet)
Stlth   +            x - +4 ring of slaying
HPRegen 0.40/turn    t - +6 ring of strength
MPRegen 0.13/turn

%: no passive effects
@: petrified, flying
A: horns 2, retaliatory headbutt, talons 1, iridescent scales 1, high MP 1
a: Renounce Religion, Berserk, Trog's Hand, Brothers in Arms


You were on level 5 of the Lair of Beasts.
You worshipped Trog.
Trog was extremely pleased with you.
You visited 3 branches of the dungeon, and saw 15 of its levels.
You also visited: Gauntlet.

You collected 884 gold pieces.

Inventory:

Hand Weapons
 m - the +4 battleaxe of Nemoigru {antimagic, Will++ Str+3 Int+2}
   (You found it on level 6 of the Dungeon)

   Str:       It affects your strength (+3).
   Int:       It affects your intelligence (+2).
   Will:      It greatly increases your willpower.
 J - the +8 war axe of Boklopt (weapon) {chaos, rElec rC+ Will- Int+3}
   (You subdued it on level 5 of the Lair of Beasts)

   Int:       It affects your intelligence (+3).
   rC:        It protects you from cold.
   rElec:     It insulates you from electricity.
   Will:      It decreases your willpower.
Missiles
 p - a throwing net (quivered)
Armour
 o - a +0 ring mail of poison resistance (worn)
 G - the +1 cloak of Duck's Teeth (worn) {Int+4 Dex+3}
   (You found it in a Gauntlet)

   Int:       It affects your intelligence (+4).
   Dex:       It affects your dexterity (+3).
 I - a +1 pair of boots of flying (worn)
Jewellery
 c - a ring of willpower
 e - a ring of flight
 f - a ring of positive energy
 g - a ring of poison resistance
 t - a +6 ring of strength (right hand)
 x - a +4 ring of slaying (left hand)
 y - a ring of resist corrosion
 C - an amulet of faith
 E - a +5 ring of evasion
Wands
 d - a wand of digging (5)
 h - a wand of quicksilver (23)
 n - a wand of roots (12)
 u - a wand of flame (2)
 B - a wand of paralysis (5)
 F - a wand of polymorph (9)
Scrolls
 i - 3 scrolls of identify
 j - 5 scrolls of teleportation
 k - 3 scrolls of poison
 r - a scroll of enchant weapon
 D - a scroll of fear
 H - a scroll of blinking
Potions
 a - a potion of flight
 b - 2 potions of ambrosia
 l - 4 potions of curing
 q - 2 potions of invisibility
 v - a potion of cancellation
 w - 3 potions of resistance
 z - a potion of might
 A - a potion of berserk rage
Miscellaneous
 s - a lightning rod (4/4)


   Skills:
 + Level 13.5 Fighting
 + Level 13.5 Axes
 + Level 13.2 Armour
 + Level 12.2 Dodging
 + Level 6.5 Evocations


You had 12 spell levels left.
You didn't know any spells.
Your spell library was empty.

Dungeon Overview and Level Annotations

Branches:
Dungeon (9/15)             Temple (1/1) D:5            Lair (5/5) D:9
  Snake (0/4) Lair:3        Slime (0/5) Lair:5      Gauntlet (visited)
  Swamp: Lair:2-3    Shoals: Lair:2-3       Orc: D:9-12

Altars:
Ashenzari
Hepliaklqana
Kikubaaqudgha
Nemelex Xobeh
Qazlal
Vehumet
Xom


Innate Abilities, Weirdness & Mutations

You have a pair of horns on your head.
You reflexively headbutt those who attack you in melee.
You have sharp toenails.
You are partially covered in iridescent scales. (AC +2)
You have an increased reservoir of magic. (+10% MP)


Message History

The blast of calcifying dust hits you! The yak gores you!
The death yak gores you!
A manticore comes into view.
The death yak is engulfed in calcifying dust.
The death yak stops moving altogether!
You are engulfed in calcifying dust.
The yak stops moving altogether!
The catoblepas breathes a plume of calcifying dust at you.
The blast of calcifying dust hits the death yak.
The blast of calcifying dust hits you. The yak gores you but does no damage.
The death yak gores you!!!
* * * LOW HITPOINT WARNING * * *
A yak comes into view.
The death yak is engulfed in calcifying dust.
The yak bellows!
You are engulfed in calcifying dust.
The yak gores you but does no damage. The death yak gores you!!
* * * LOW HITPOINT WARNING * * *
The yak snorts and paws the ground.
The death yak is engulfed in calcifying dust.
You are engulfed in calcifying dust.
The yak gores you but does no damage. The death yak gores you!
* * * LOW HITPOINT WARNING * * *
The death yak is engulfed in calcifying dust.
You are engulfed in calcifying dust.
The catoblepas breathes a plume of calcifying dust at you.
The blast of calcifying dust hits the death yak.
The blast of calcifying dust hits you but does no damage.
The yak gores you!
* * * LOW HITPOINT WARNING * * *
The death yak gores you.
* * * LOW HITPOINT WARNING * * *
The death yak is engulfed in calcifying dust.
You are engulfed in calcifying dust.
The catoblepas breathes a plume of calcifying dust at you.
The blast of calcifying dust hits the death yak.
The blast of calcifying dust hits you but does no damage.
The yak gores you!
* * * LOW HITPOINT WARNING * * *
The death yak gores you!!
You die...

..........8......###
......###......###
)....## ##.....P#
.....# ##...###.P#
....####...#### ##
....# #...###.###
....# #..##..§..##
....###......#§§.###
...###......##P.@YY#
...#
##....####YYYYY...#
...# ##.###
#.###...## ...# ###
#..# #...# ...##
#Y.## ..## ....#
.Y.# .# ....# .... Y
....# .##. #. ....#


You could see 2 death yaks, a catoblepas and 6 yaks.

Vanquished Creatures
  Rupert (Lair:3)
  The ghost of elongatedgoose the Warrior, a journeyman MiFi of Makhleb (Lair:5)
  A minotaur (Gauntlet)
  2 hydras
  2 catoblepae
  A dancing weapon (Lair:5)
  A fire crab (Gauntlet)
  A skyshark (Lair:3)
  An orange crystal statue (Gauntlet)
  Pikel (D:6)
  Joseph (D:8)
  4 black mambas
  A gargoyle (D:7)
  11 cane toads
  The ghost of sasquatch the Shooter, a novice MfHu (D:5)
  Psyche (D:8)
  2 komodo dragons
  A rime drake (Lair:5)
  Maggie (D:8)
  A hornet (D:8)
  2 polar bears
  8 blink frogs (Lair:4)
  A vampire (D:9)
  A shadow (D:9)
  6 fire bats (Gauntlet)
  44 yaks
  3 wyverns
  2 steam dragons
  3 basilisks
  Grum (D:8)
  5 nagas (Lair:3)
  An acid dragon (D:9)
  10 water moccasins
  A hell hound (Gauntlet)
  3 ice beasts
  A black bear (D:6)
  3 orc warriors
  A sky beast (D:7)
  15 wolves
  3 centaurs
  An ogre (D:7)
  4 lemures (D:6)
  7 bullfrogs
  9 wights
  10 killer bees
  2 howler monkeys
  2 electric eels
  6 orc priests
  6 jellies
  2 hounds
  2 sleepcaps
  11 orc wizards
  6 iguanas
  5 hell rats (Lair:2)
  Ijyb (D:5)
  7 gnolls
  5 adders
  A shadow imp (D:6)
  A white imp (D:7)
  A worm (D:3)
  A dart slug (D:2)
  23 orcs
  6 endoplasms
  4 giant cockroaches
  6 hobgoblins
  4 jackals (D:4)
  5 kobolds
  A quokka (D:4)
  7 ball pythons
  3 bats
  2 frilled lizards
  4 goblins
  3 rats
308 creatures vanquished.

Vanquished Creatures (others)
  A fire vortex (Lair:5)
1 creature vanquished.

Grand Total: 309 creatures vanquished

Notes
Turn   | Place    | Note
-------+----------+-------------------------------------------
     0 | D:1      | qeuew the Minotaur Berserker began the quest for the Orb.
     0 | D:1      | Reached XP level 1. HP: 19/19 MP: 0/0
   458 | D:1      | Reached XP level 2. HP: 27/27 MP: 1/1
   993 | D:2      | Reached XP level 3. HP: 3/33 MP: 2/2
  1145 | D:2      | Found a faded altar of an unknown god.
  2095 | D:3      | Found a stormy altar of Qazlal.
  2152 | D:3      | Reached XP level 4. HP: 40/40 MP: 3/3
  2156 | D:3      | Reached ** piety under Trog
  2567 | D:3      | Found an ancient bone altar of Kikubaaqudgha.
  2666 | D:3      | Gained mutation: You have hidden genetic potential. [potion
                  | of mutation]
  2806 | D:4      | Reached XP level 5. HP: 15/47 MP: 4/4
  2808 | D:4      | Reached skill level 5 in Axes
  2810 | D:4      | Reached skill level 5 in Fighting
  2812 | D:4      | Gained mutation: You have great hidden genetic potential.
                  | [hidden potential]
  2816 | D:4      | Reached XP level 6. HP: 14/56 MP: 5/5
  3110 | D:4      | Gained mutation: You are partially covered in iridescent
                  | scales. (AC +2) [hidden potential]
  3110 | D:4      | Lost mutation: You have great hidden genetic potential.
                  | [hidden potential expressed]
  3343 | D:4      | Reached XP level 7. HP: 50/61 MP: 6/6
  3349 | D:4      | Reached skill level 5 in Armour
  3534 | D:5      | Entered Level 5 of the Dungeon
  3689 | D:5      | Noticed sasquatch's ghost (novice MfHu)
  3700 | D:5      | Noticed Ijyb
  3703 | D:5      | Killed Ijyb
  3765 | D:5      | Gained mutation: You have an increased reservoir of magic.
                  | (+10% MP) [hidden potential]
  3915 | D:5      | Found a staircase to the Ecumenical Temple.
  3945 | D:5      | Reached skill level 5 in Dodging
  4098 | D:5      | Reached *** piety under Trog
  4207 | D:5      | Found a transporter.
  4211 | D:5      | Found a transporter.
  4540 | D:5      | Killed sasquatch's ghost
  4541 | D:5      | Reached XP level 8. HP: 71/71 MP: 7/7
  4544 | D:5      | Gained mutation: You have sharp toenails. [hidden
                  | potential]
  4544 | D:5      | Lost mutation: You have hidden genetic potential. [hidden
                  | potential expressed]
  4853 | D:6      | Identified the +4 battleaxe of Nemoigru {antimagic, Will++
                  | Str+3 Int+2}
  4953 | D:6      | Noticed Pikel
  4958 | D:6      | Killed Pikel
  4959 | D:6      | Reached XP level 9. HP: 72/81 MP: 2/8
  5665 | D:7      | Identified the +5 leather armour of Egalitarianism {rElec}
  5679 | D:7      | Noticed a gargoyle
  5688 | D:7      | Killed a gargoyle
  5993 | D:7      | Identified the +3 scale mail "Zepsoej" {rElec}
  6803 | D:8      | Noticed Psyche
  6816 | D:8      | Killed Psyche
  6817 | D:8      | Reached XP level 10. HP: 91/91 MP: 3/10
  6946 | D:8      | Noticed Grum
  6962 | D:8      | Killed Grum
  6964 | D:8      | Reached **** piety under Trog
  6974 | D:8      | Reached skill level 10 in Fighting
  6974 | D:8      | Reached skill level 10 in Axes
  7106 | D:8      | Found a broken altar of Ashenzari.
  7204 | D:8      | Paralysed by a hornet for 2 turns
  7371 | D:8      | Noticed Maggie
  7380 | D:8      | Killed Maggie
  7496 | D:8      | Noticed Joseph
  7506 | D:8      | Killed Joseph
  7507 | D:8      | Reached skill level 10 in Armour
  8542 | D:9      | Found a staircase to the Lair.
  8544 | D:9      | Reached skill level 1 in Evocations
  8544 | D:9      | Reached XP level 11. HP: 101/101 MP: 3/11
  8962 | Lair:1   | Entered Level 1 of the Lair of Beasts
  9332 | Lair:1   | Noticed a catoblepas
  9349 | Lair:1   | Killed a catoblepas
  9350 | Lair:1   | Reached skill level 10 in Dodging
 10154 | Temple   | Entered the Ecumenical Temple
 10344 | Lair:2   | Noticed a five-headed hydra
 10351 | Lair:2   | Killed a seven-headed hydra
 10715 | Lair:2   | You fall into a shaft and drop 1 floor!
 10717 | Lair:3   | Noticed a skyshark
 10731 | Lair:3   | Killed a skyshark
 10941 | Lair:3   | Noticed an eight-headed hydra
 10945 | Lair:3   | Killed a ten-headed hydra
 10951 | Lair:3   | Found a staircase to the Snake Pit.
 11472 | Lair:3   | Reached XP level 12. HP: 103/112 MP: 4/12
 11874 | Lair:3   | Noticed Rupert
 11885 | Lair:3   | Killed Rupert
 12321 | Lair:4   | Found a radiant altar of Vehumet.
 12463 | Lair:4   | Found a gate leading to a gauntlet.
 12486 | Gauntlet | Entered a Gauntlet
 12486 | Gauntlet | Found a transporter.
 12495 | Gauntlet | Found a transporter.
 12496 | Gauntlet | Noticed a green death
 12513 | Gauntlet | Found a transporter.
 12515 | Gauntlet | Found a transporter.
 12542 | Gauntlet | Found a runed translucent gate.
 12542 | Gauntlet | Found a runed translucent gate.
 12542 | Gauntlet | Found a runed translucent gate.
 12544 | Gauntlet | Found a transporter.
 12546 | Gauntlet | Reached skill level 5 in Evocations
 12561 | Gauntlet | Identified the +1 cloak of Duck's Teeth {Int+4 Dex+3}
 12563 | Gauntlet | Noticed a death yak
 12567 | Gauntlet | Noticed a death yak
 12568 | Gauntlet | Noticed a death yak
 12588 | Gauntlet | Identified the +1 flail of Lyehahy {vamp, rC+ MP+9 Dex+2
                  | Stlth+}
 12588 | Gauntlet | Noticed a minotaur
 12601 | Gauntlet | Killed a minotaur
 12744 | Gauntlet | Identified the +2 buckler "Uminket" {+Blink rElec rF+}
 12747 | Gauntlet | Identified the +2 robe of Qoimaa {Int+4}
 13451 | Lair:5   | Entered Level 5 of the Lair of Beasts
 13688 | Lair:5   | Reached XP level 13. HP: 78/122 MP: 4/13
 13805 | Lair:5   | Found a runed translucent door.
 13806 | Lair:5   | Found a shimmering altar of Xom.
 13806 | Lair:5   | Noticed elongatedgoose's ghost (journeyman MiFi)
 13806 | Lair:5   | Identified the +8 war axe of Boklopt {chaos, rElec rC+
                  | Will- Int+3}
 13818 | Lair:5   | Reached ***** piety under Trog
 13835 | Lair:5   | Killed elongatedgoose's ghost
 14076 | Lair:5   | Found a staircase to the Slime Pits.
 14589 | Lair:5   | HP: 6/122 [yak (4)]
 14589 | Lair:5   | Mangled by a death yak

Illustrated notes

Levels and vault maps discovered:
D:1:      nagdon_arrival_double_spiral, layout_loops_corners
D:2:      layout_basic, nicolae_ecumenical_lake_church, serial_forest,
          infiniplex_forest_straight_2, infiniplex_forest_straight_3,
          infiniplex_forest_clump_small, infiniplex_forest_zigzag_1,
          infiniplex_forest_clump_C, infiniplex_forest_clump_diagonal,
          infiniplex_forest_end_1, infiniplex_forest_lined_3
D:3:      layout_rooms, mainiacjoe_overflow_surrounded_room,
          nicolae_qazlal_general_emergency, minivault_19
D:4:      layout_basic, amethyst_killhole
D:5:      layout_basic, minmay_temple_entry_crystal_x, gammafunk_ghost_arena,
          uniq_ijyb
D:6:      layout_loops_ring, minmay_misc_feat_x, serial_bayou_ford_a,
          minmay_crossroads, uniq_pikel
D:7:      layout_basic, minivault_4, grunt_ministairs_12
D:8:      layout_basic, old_standard_altar, uniq_psyche, uniq_joseph,
          uniq_maggie, uniq_grum
D:9:      layout_roguey, dpeg_oklobed_lair, minivault_25, minmay_door_square
Temple:   hellmonk_temple_of_storms
Lair:1:   layout_roguey, grunt_megastairs_1
Lair:2:   layout_loops_ring, palyth_hydra_swamp_entry, infiniplex_staircase_pool
Lair:3:   layout_layer_cave, minmay_snake_entry_guardpost_medium, uniq_rupert
Lair:4:   layout_regular_city, basic_altar, gauntlet_entry_generic
Lair:5:   evilmike_catoblepas_cave, layout_gridlike, dpeg_slime_entry_corner,
          ebering_ghost_xom, grunt_megastairs_4, lemuel_fruit_tree,
          infiniplex_staircase_pool_2

Skill      XL: |  1  2  3  4  5  6  7  8  9 10 11 12 13 |
---------------+----------------------------------------+-----
Fighting       | 4 5 6 7 9 10 12 13 | 13.5
Axes           | 4 5 6 8 9 10 12 13 | 13.5
Armour         | 3 4 6 7 9 10 11 12 13 | 13.2
Dodging        | 3 4 5 6 8 9 10 11 12 | 12.2
Evocations     | 1 4 6 |  6.5

Action                     |  1- 3 |  4- 6 |  7- 9 | 10-12 | 13-15 || total
---------------------------+-------+-------+-------+-------+-------++-------
  Melee: Hand axe          |    57 |    95 |   104 |       |       ||   256
         Punch             |     2 |     2 |     2 |       |     1 ||     7
         Headbutt          |     8 |    10 |    40 |    66 |     9 ||   133
         Battleaxe         |       |       |   110 |   285 |    22 ||   417
         Kick              |       |       |    37 |    79 |       ||   116
         War axe           |       |       |       |       |    34 ||    34
  Throw: Throwing net      |       |       |       |     1 |       ||     1
 Invoke: Berserk           |     1 |     1 |     2 |     7 |       ||    11
         Trog's Hand       |       |     2 |     1 |     4 |       ||     7
    Use: Scroll            |     8 |     2 |     3 |     2 |       ||    15
         Potion            |     2 |     3 |     5 |     2 |       ||    12
   Stab: Petrified         |       |       |       |     2 |       ||     2
         Held in net/web   |       |       |       |     1 |       ||     1
         Petrifying        |       |       |       |       |     1 ||     1
         Paralysed         |       |       |       |       |     1 ||     1
 Armour: Animal skin       |     4 |       |       |       |       ||     4
         Ring mail         |    23 |    47 |    79 |   111 |    20 ||   280
  Dodge: Dodged            |    51 |    70 |   155 |   268 |    49 ||   593
